 Dungeon Crawl Stone Soup version 0.20.1-1-g8b1a95d (webtiles) character file.

135 Firecrotchwizard the Ruffian (level 4, 0/35 HPs)
             Began as a Draconian Transmuter on Nov 17, 2017.
             Slain by an adder (1 damage)
             ... on level 3 of the Dungeon.
             The game lasted 00:08:17 (2605 turns).

Firecrotchwizard the Ruffian (Draconian Transmuter) Turns: 2605, Time: 00:08:18

Health: 0/35       AC:  5    Str: 13    XL:     4   Next: 97%
Magic:  7/7        EV: 12    Int: 13    God:
Gold:   57         SH:  0    Dex: 12    Spells: 4/7 levels left

rFire    . . .     SeeInvis .     - Unarmed
rCold    . . .     Gourm    .   (no shield)
rNeg     . . .     Faith    .   (armour unavailable)
rPois    .         Spirit   .   (helmet restricted)
rElec    .         Reflect  .   (no cloak)
rCorr    .         Harm     .   (no gloves)
MR       .....                  (no boots)
Stlth    +.........             (no amulet)
Regen    0.2/turn               (no ring)
MPRegen  0.1/turn               (no ring)

@: lethally poisoned (0 -> -2)
A: unfitting armour, cold-blooded, AC +5
a: no special abilities


You were on level 3 of the Dungeon.
You were hungry.

You visited 1 branch of the dungeon, and saw 3 of its levels.

You collected 57 gold pieces.

Inventory:

Hand Weapons
 s - a +0 blowgun
   (You took it off a kobold on level 3 of the Dungeon)
Missiles
 a - 28 arrows
 t - 26 poisoned needles
Armour
 v - a +0 pair of gloves
   (You found it on level 3 of the Dungeon)
Scrolls
 h - a scroll of magic mapping {!r}
 j - 2 scrolls of identify {unknown}
 k - a scroll of blinking {unknown}
 n - a scroll of teleportation {unknown}
 o - a scroll of enchant armour {unknown}
 q - a scroll of random uselessness {unknown}
 u - a scroll of remove curse
Potions
 d - a potion of heal wounds
 e - 2 potions of curing {unknown}
 f - a potion of agility {unknown}
 g - a potion of might {unknown}
 l - a potion of brilliance {unknown}
 m - a potion of haste {unknown}
 p - a potion of mutation {unknown}
 r - a potion of lignification {unknown}
Books
 b - a book of Changes
Comestibles
 c - 5 bread rations {@e1}
 i - 4 chunks of flesh {@w0}


   Skills:
 - Level 1.1 Fighting
 - Level 1.7 Dodging
 + Level 4.5 Unarmed Combat
 - Level 2.0 Spellcasting
 + Level 3.9 Transmutations


You had 4 spell levels left.
You knew the following spells:

 Your Spells              Type           Power        Failure   Level  Hunger
a - Beastly Appendage     Tmut           ##....       4%          1    ##.....
s - Sticks to Snakes      Tmut           ##......     8%          2    ###....


Dungeon Overview and Level Annotations

Branches:
Dungeon (3/15)

Altars:
Yredelemnul

Annotations:
D:3 Robin


Innate Abilities, Weirdness & Mutations

Your plain brown scales are hard. (AC +5)
You cannot fit into any form of body armour.
You are cold-blooded and may be slowed by cold attacks.


Message History

You closely miss the goblin. The goblin hits you but does no damage.
You hit the goblin.
You kill the goblin!
You see here a goblin corpse.
You butcher the goblin corpse.
You are feeling hungry.
i - 3 chunks of flesh {@w0} (gained 1)
You see here a goblin skeleton.
MP restored: 7 Your transformation is almost over.
An adder and a goblin come into view.
The adder moves out of view.
The goblin moves out of view. 3 goblins come into view.
The goblin shouts!
You see here a frilled lizard corpse.
You butcher the frilled lizard corpse.
Robin shouts!
The goblin shouts!
The adder hisses angrily.
Robin throws the goblin at you! The goblin hits you but does no damage.
You see here a chunk of flesh {@w0}.
i - 4 chunks of flesh {@w0} (gained 1) Robin roars a battlecry!
The goblins go into a battle-frenzy!
The goblin hits you but does no damage.
A goblin comes into view. It is wielding a dagger.
You extend your transformation's duration.
The goblin shouts!
The hobgoblin shouts!
The goblin shouts!
The goblin hits you.
You take 1 damage, and have 34/35 hp.
You now have 6/7 mp.
You closely miss the goblin.
The goblin shouts!
The goblin completely misses you.
You hit the goblin.
You kill the goblin!
Robin throws the goblin at you! The goblin hits you.
You take 5 damage, and have 29/35 hp.
Things that are here:
15 gold pieces; a goblin corpse The goblin barely misses you.
The adder bites you.
You are poisoned.
The adder poisons you!
There is a large open door here.
You take 5 damage, and have 24/35 hp.
You feel sick. Robin throws the goblin at you!
You hit the goblin.
You kill the goblin!
The adder barely misses you.
Your transformation is almost over.
Things that are here:
a dagger; 10 gold pieces You feel sick.
The adder bites you but does no damage.
You take 1 damage, and have 23/35 hp.
MP restored: 7 The goblin hits you.
You take 1 damage, and have 22/35 hp.
The adder bites you.
You are more poisoned.
The adder poisons you!
You take 4 damage, and have 18/35 hp.
You hit the adder but do no damage. Your kick misses the adder.
You feel sick.
The goblin no longer looks unusually strong.
The adder barely misses you. The goblin barely misses you.
You take 1 damage, and have 17/35 hp.
You hit the adder.
Your tail-slap misses the adder.
You feel sick.
The goblin no longer looks unusually strong.
The goblin hits you but does no damage. The adder misses you.
The goblin hits you.
You take 3 damage, and have 14/35 hp.
You barely miss the adder. You claw the adder.
The goblin no longer looks unusually strong.
The adder closely misses you.
You miss the adder. Your kick misses the adder.
Your tail-slap misses the adder.
The hobgoblin no longer looks unusually strong.
The goblin hits you. Robin throws the goblin at you!
* * * LOW HITPOINT WARNING * * *
The goblin hits you with a dagger.
* * * LOW HITPOINT WARNING * * *
The adder bites you but does no damage. The goblin hits you with a dagger.
* * * LOW HITPOINT WARNING * * *
You take 8 damage, and have 7/35 hp.
MASSIVE DAMAGE!!
Your talons disappear.
You feel sick.
The goblin hits you but does no damage. x2
You take 1 damage, and have 6/35 hp.
Robin's horned helmet rattles.
Robin roars a battlecry!
The goblins go into a battle-frenzy!
The adder completely misses you.
You feel sick. Robin throws the goblin at you!
* * * LOW HITPOINT WARNING * * *
The goblin misses you.
You take 4 damage, and have 2/35 hp.
Unknown command.
* * * LOW HITPOINT WARNING * * *
You feel sick. The goblin hits you but does no damage.
You take 1 damage, and have 1/35 hp.
Okay, then.
The adder bites you.
You die...

#...)...#......###.#...).
#.......##########..####.
#.(.....# #.......÷ #.......#
#........ #....#### #........
#....#### #........ #....÷..#
#####'##. ##....g.g#### #.##.
#......gS@..# #.##.
###...(...g...# #######.##.
#.........(...####>......##.
#..........((.))(+..........
#.......###...####......#.#.
###.....# #...# #......#...
#.....# #...####......##..
########.....# #................>
#............###........#########


You could see an adder, a hobgoblin and 3 goblins.

Vanquished Creatures
  An adder (D:2)
  An ooze (D:1)
  An adder skeleton (D:3)
  4 worms
  7 dart slugs
  A leopard gecko (D:2)
  4 orcs (D:3)
  9 bats
  2 giant cockroaches
  2 gnoll zombies (D:2)
  16 goblins
  8 hobgoblins
  4 jackals (D:1)
  12 kobolds
  A quokka (D:3)
  5 frilled lizards
  8 rats
86 creatures vanquished.

Notes
Turn   | Place    | Note
-------+----------+-------------------------------------------
     0 | D:1      | Firecrotchwizard the Draconian Transmuter began the quest for the Orb.
     0 | D:1      | Reached XP level 1. HP: 16/16 MP: 3/3
   312 | D:1      | Reached XP level 2. HP: 23/23 MP: 3/5
   400 | D:1      | HP: 2/23 [kobold/dagger (6)]
   406 | D:1      | Reached XP level 3. HP: 3/28 MP: 6/6
   681 | D:1      | Learned a level 2 spell: Sticks to Snakes
   716 | D:1      | Reached skill level 3 in Transmutations
  1175 | D:2      | Reached skill level 4 in Unarmed Combat
  1210 | D:2      | Reached XP level 4. HP: 33/35 MP: 7/7
  1274 | D:2      | Found a basalt altar of Yredelemnul.
  2507 | D:3      | Noticed Robin
  2599 | D:3      | HP: 8/35 [goblin/dagger[Robin] (2)]
  2602 | D:3      | HP: 2/35 [Robin/goblin (3)]
  2605 | D:3      | Slain by an adder

Skill      XL: |  1  2  3 |
---------------+----------+-----
Transmutations | 3 |  3.9
Unarmed Combat | 4 |  4.5
Fighting       | |  1.1
Dodging        | |  1.7
Spellcasting   | |  2.0

Action                   |  1- 3 |  4- 6 || total
-------------------------+-------+-------++-------
Melee: Unarmed           |   116 |   150 ||   266
       Kick              |     8 |    12 ||    20
       Headbutt          |     5 |     3 ||     8
       Tailslap          |     8 |    15 ||    23
       Punch             |     3 |     2 ||     5
 Cast: Beastly Appendage |     9 |    11 ||    20
  Use: Scroll            |     2 |       ||     2
 Stab: Sleeping          |       |     1 ||     1
  Eat: Chunk             |     1 |     2 ||     3
       Fruit             |       |     3 ||     3
Armor: Skin              |    32 |    42 ||    74
Dodge: Dodged            |    65 |    76 ||   141

Vault maps used:
D:1:      lightli_arrival_statue_moat, st_stairs_4, minmay_strange_pillars
D:2:      lemuel_zombie_altar_yredelemnul
D:3:      first_bread, nicolae_tso_carved_into_rock, uniq_natasha, uniq_robin

Table legend:
 A = Turns spent in this place as a percentage of turns spent in the entire game.
 B = Non-inter-level travel turns spent in this place as a percentage of non-inter-level travel turns spent in the entire game.
 C = Inter-level travel turns spent in this place as a percentage of turns spent in this place.
 D = Turns resting spent in this place as a percentage of non-inter-level travel turns spent in this place.
 E = Turns spent auto-exploring this place as a percentage of non-inter-level travel turns spent in this place.
 F = Non-inter-level travel turns spent in this place divided by the number of levels of this place that you've seen.
                   A       B       C       D       E      F
               +-------+-------+-------+-------+-------+----------------------
         Total | 100.0 | 100.0 |   0.2 |   6.6 |   9.6 | 294.3
       Dungeon | 100.0 | 100.0 |   0.2 |   6.6 |   9.6 | 294.3
               +-------+-------+-------+-------+-------+----------------------

Table legend:
 A = Kills in this place as a percentage of kills in entire the game.
 B = Kills by you in this place as a percentage of kills by you in the entire game.
 C = Kills by friends in this place as a percentage of kills by friends in the entire game.
 D = Other kills in this place as a percentage of other kills in the entire game.
 E = Experience gained in this place as a percentage of experience gained in the entire game.
 F = Experience gained in this place divided by the number of levels of this place that you have seen.
                   A       B       C       D       E      F
               +-------+-------+-------+-------+-------+----------------------
         Total | 100.0 | 100.0 |  -nan |  -nan | 100.0 |  64.7
       Dungeon | 100.0 | 100.0 |  -nan |  -nan | 100.0 |  64.7
               +-------+-------+-------+-------+-------+----------------------
